[Event "Czech Open-GM 2022"]
[Site "Pardubice"]
[Date "2022.07.22"]
[Round "1.39"]
[White "Sarkar, Justin"]
[Black "Wong, Gengchun"]
[Result "1/2-1/2"]
[ECO "D85"]
[WhiteElo "2346"]
[BlackElo "2114"]
[Annotator "TA"]
[PlyCount "62"]
[EventDate "2022.07.22"]
[EventType "swiss"]
[EventCountry "CZE"]
[SourceTitle "playchess.com"]
[Source "ChessBase"]
[SourceQuality "1"]
[TimeControl "40/5400+30:1800+30"]

1. d4 Nf6 2. c4 g6 3. Nc3 d5 4. cxd5 Nxd5 5. Nf3 Bg7 6. Na4 O-O 7. e4 Nb6 8. Be3 Bg4 $1 {[%emt 0:04:56] 8...Bg4 scores better than 8...Nxa4.} 9. Nc5 Qc8 {[%emt 0:02:10] D85: Exchange Grünfeld: Unusual White 7th moves and lines with 7 Nf3.} 10. h3 Bxf3 11. Qxf3 ({Don't play} 11. gxf3 Rd8 $15) 11... Nc6 {[%emt 0:24:18] The position is equal.} (11... N8d7 $5 ) 12. O-O-O e5 {[%emt 0:01:03][%cal Re5d4] [#]} 13. dxe5 $146 (13. d5 $1 $11 {keeps the balance.} Nd4 14. Bxd4 exd4 15. Kb1) ({Predecessor:} 13. d5 Nd4 14. Bxd4 exd4 15. Nb3 c6 16. dxc6 Qxc6+ 17. Kb1 Rfd8 18. Bd3 a5 19. Nd2 {½-½ (53) Wornath,K (2340)-Jaracz,B (2195) Bad Wiessee 1998}) 13... Nxe5 $17 14. Qg3 {[%emt 0:00:19] [#]} Rd8 $1 15. Rxd8+ Qxd8 16. f4 Nec4 17. e5 Qd5 {[%emt 0:15:26] ...Bf8 is the strong threat.} 18. Bxc4 Nxc4 19. Rd1 Qc6 $40 {[%emt 0:00:12][%mdl 128] aiming for ...b6. White is in trouble.} 20. Kb1 b6 ({Much worse is} 20... Nxe3 $6 21. Qxe3 Qxg2 22. Ne4 $15) 21. Nd3 Nxe3 22. Qxe3 Qxg2 23. f5 {[%emt 0:08:27] [#]} (23. Nf2 $17) 23... Re8 $1 $19 ({Stronger than} 23... gxf5 24. Rg1 Qc6 25. Qg5 $11) 24. Nf4 (24. e6 {keeps fighting.}) 24... Qh2 ({Better is} 24... Qg5 $19 25. fxg6 hxg6) 25. f6 (25. Nd3 $17) 25... Bh6 26. Rf1 Bxf4 27. Rxf4 Qh1+ 28. Kc2 Qc6+ 29. Kb1 Qh1+ 30. Kc2 $1 Qc6+ 31. Kb1 $1 Qh1+ $2 {[%emt 0:01:20] Weighted Error Value: White=0.23 (precise) /Black=0.35} (31... Qd7 $19 32. b3 h5) 1/2-1/2

[Event "Czech Open-GM 2022"]
[Site "Pardubice"]
[Date "2022.07.22"]
[Round "1.40"]
[White "Neumann, Filip"]
[Black "Claridge-Hansen, William"]
[Result "1/2-1/2"]
[ECO "A45"]
[WhiteElo "2113"]
[BlackElo "2345"]
[Annotator "TA"]
[PlyCount "74"]
[EventDate "2022.07.22"]
[EventType "swiss"]
[EventCountry "CZE"]
[SourceTitle "playchess.com"]
[Source "ChessBase"]
[SourceQuality "1"]
[TimeControl "40/5400+30:1800+30"]

1. d4 Nf6 2. Nc3 d5 3. Bf4 a6 4. e3 g6 5. h4 Bg7 6. h5 {[%emt 0:01:47] D00: 1 d4 d5: Unusual lines.} gxh5 (6... Nxh5 $11 7. Rxh5 gxh5) 7. Be2 {[%emt 0:04:15] [#]} Bg4 $146 ({Predecessor:} 7... Bf5 8. Bxh5 Nxh5 9. Qxh5 e6 10. Qe2 Bg6 11. Nf3 Nd7 12. Nh4 Nf6 13. Nxg6 fxg6 {½-½ (33) Segovia,M (1554)-Umpierrez,M (1171) Montevideo 2020}) 8. Nf3 {[%emt 0:02:35] White is slightly better.} Nbd7 9. Ne5 Bxe2 10. Nxe2 ({Reject} 10. Kxe2 $6 e6 $11) 10... c5 11. Ng3 Qb6 12. Nxh5 ({White should try} 12. c3 $16) 12... Nxh5 $14 13. Qxh5 Qe6 (13... Bxe5 $14 14. Bxe5 Qxb2) 14. Nxd7 $16 {[%emt 0:04:35] White is more active.} Qxd7 15. Qg5 (15. Be5 $16 Bxe5 16. Qxe5) 15... Bf6 $11 16. Qh5 Rc8 (16... Bg7 $11) 17. c3 cxd4 18. exd4 Qe6+ {[%emt 0:01:09] [#]} 19. Qe2 (19. Kf1 $1 $16) 19... Qf5 20. Be5 Rc6 21. Rh5 Qg6 22. Bxf6 ({White should play} 22. g3 $14) 22... Rxf6 23. g3 Rf5 (23... Re6 $5 24. Re5 Qh6 $11) 24. Rxf5 Qxf5 {[%emt 0:00:01][%mdl 4096] Endgame KQR-KQR} 25. O-O-O Kd7 26. Rh1 h5 27. Re1 e6 {[%emt 0:00:28] The position is equal.} 28. Rh1 h4 29. Rxh4 Rxh4 30. gxh4 {[%emt 0:00:07] KQ-KQ} Qf4+ 31. Qe3 Qxh4 32. Qf3 Qg5+ 33. Kc2 Qg6+ 34. Kc1 Qg1+ 35. Kc2 Qg6+ 36. Kc1 Qg1+ 37. Kc2 Qg6+ {Weighted Error Value: White=0.20 (precise) /Black=0.21 (precise)} 1/2-1/2

[Event "Czech Open-GM 2022"]
[Site "Pardubice"]
[Date "2022.07.22"]
[Round "1.41"]
[White "Farkas, Gabor"]
[Black "Prazak, Daniel"]
[Result "1-0"]
[ECO "A45"]
[WhiteElo "2335"]
[BlackElo "2113"]
[Annotator "TA"]
[PlyCount "91"]
[EventDate "2022.07.22"]
[EventType "swiss"]
[EventCountry "CZE"]
[SourceTitle "playchess.com"]
[Source "ChessBase"]
[SourceQuality "1"]
[TimeControl "40/5400+30:1800+30"]

1. d4 Nf6 2. Bf4 c5 3. c3 Qb6 4. Qc2 cxd4 5. cxd4 Nc6 6. e3 {[%emt 0:00:22] A45: Trompowsky Attack.} d5 (6... d6 $5 ) 7. Nc3 {[%emt 0:18:13] [#]} Bf5 $1 8. Qb3 {[%emt 0:04:33] Black has an edge.} ({Avoid the trap} 8. Qxf5 $2 Qxb2 9. Qb1 Qxc3+ 10. Ke2 e5 11. Bxe5 Ne4 $19) (8. Qd2 e6) 8... Qxb3 9. axb3 e6 10. Nf3 Bb4 {[%emt 0:08:04] ...Ne4 is the strong threat.} 11. Bb5 O-O (11... Ne4 $5 12. Bxc6+ bxc6 $11) 12. O-O {[%emt 0:03:50] [#]} (12. Bxc6 $11 bxc6 13. O-O) 12... Ne4 $146 ({Predecessor:} 12... Rfc8 13. Rfc1 Nh5 14. Be5 f6 15. Bg3 Nxg3 16. hxg3 a6 17. Be2 Na5 18. Bd1 b5 {1-0 (27) Le,T (2514)-Leruste,G (2193) Chess.com INT 2021}) 13. Bxc6 bxc6 14. Nxe4 Bxe4 15. Rfc1 Rfc8 16. Ra6 c5 (16... f6 $11) 17. Bd6 $1 $14 Bd3 18. Raa1 f6 19. Bxc5 a5 20. h3 Be4 {[%emt 0:02:53] This bishop pair is nice.} 21. Kh2 Rab8 (21... Rc6 $11) 22. Bxb4 $16 axb4 23. Kg3 Kf7 24. Ra7+ Kg6 25. Nh4+ Kh6 26. Rxc8 Rxc8 {[%emt 0:00:03][%mdl 4096] Endgame KRB-KRN} 27. Rb7 Rc2 28. Rxb4 (28. Nf3 $16) 28... Rxb2 (28... g5 $1 $11 29. Nf3 Kg6) 29. Rb6 (29. Nf3 $16) 29... g5 $11 30. Nf3 {[%emt 0:00:07] With the idea h4.} Kg6 31. Rxe6 (31. h4 $5 ) 31... Bxf3 $2 (31... h5 $1 $11) 32. Kxf3 $18 Rxb3 $14 {[%emt 0:00:06] KR-KR} 33. g4 Rb7 34. Rd6 {[%emt 0:00:06] Inhibits Rd7.} Rb5 35. Kg3 h6 36. Rd7 {[%emt 0:00:42] Hoping for f4.} h5 {[%emt 0:00:26] [#]} 37. f4 $2 (37. gxh5+ $1 $18 Kxh5 38. f4) 37... hxg4 $2 (37... h4+ $11 38. Kf3 gxf4) 38. hxg4 $18 gxf4+ 39. Kxf4 Ra5 40. Rd6 {[%emt 0:00:14] And now g5 would win.} Kg7 $2 (40... Ra2 41. g5 Rf2+ 42. Kg3 Re2 43. Rxf6+ Kxg5) 41. Kf5 Ra3 42. Rd7+ Kg8 43. Kxf6 Rxe3 44. g5 Rf3+ 45. Kg6 Kf8 46. Rxd5 {[%emt 0:00:05] Weighted Error Value: White=0.30/Black=0.85} 1-0

[Event "Czech Open-GM 2022"]
[Site "Pardubice"]
[Date "2022.07.22"]
[Round "1.42"]
[White "Rokos, Filip"]
[Black "Stinka, Jakub"]
[Result "0-1"]
[ECO "B68"]
[WhiteElo "2111"]
[BlackElo "2335"]
[Annotator "TA"]
[PlyCount "50"]
[EventDate "2022.07.22"]
[EventType "swiss"]
[EventCountry "CZE"]
[SourceTitle "playchess.com"]
[Source "ChessBase"]
[SourceQuality "1"]
[TimeControl "40/5400+30:1800+30"]

1. e4 c5 2. Nf3 d6 3. d4 cxd4 4. Nxd4 Nf6 5. Nc3 Nc6 6. Bg5 e6 7. Qd2 a6 8. O-O-O Bd7 9. f4 Be7 {[%emt 0:04:56] is the new trend.} 10. Kb1 b5 {[%emt 0:05:19] B68: Sicilian: Richter-Rauzer: 7...a6 8 0-0-0 Bd7 9 f4 Be7 .} 11. Bxf6 (11. g4 {with more complications.} O-O 12. Rg1 Qb6 13. Bxf6 Bxf6 14. Nce2) 11... Bxf6 12. Nxc6 Bxc6 {[%emt 0:00:14] The position is equal.} 13. Qxd6 Qxd6 14. Rxd6 Rc8 15. a4 Bxc3 {[%emt 0:23:47] This bishop pair is nice.} 16. axb5 {[%emt 0:07:36] [#]} (16. bxc3 $5 bxa4 17. e5 $11) 16... Bxe4 {[%emt 0:06:08] And now ...Bb4 would win.} 17. bxc3 Rxc3 {[%emt 0:08:16] [#]} 18. Rxa6 $146 ({White should try} 18. Rd4 $1 $15 Bg6 19. Rc4 (19. bxa6 Rxc2 20. Bb5+ Ke7 $17) 19... Rxc4 20. Bxc4) ({Predecessor:} 18. Rd4 Bg6 19. Rc4 Rxc4 20. Bxc4 axb5 21. Bxb5+ Ke7 22. Kb2 Rb8 23. c4 Be4 24. Kc3 Bxg2 {½-½ (60) Damia,A (2244)-Saric,I (2660) Spilimbergo 2019}) 18... Rxc2 $17 {[%emt 0:03:49] Black is more active.} 19. Ka1 (19. Ra3 $17) 19... Ke7 $19 ({Don't play} 19... Bxg2 20. Bxg2 Ke7 21. Rg1 $18) 20. Ra4 Rc1+ ({Worse is} 20... Bxg2 21. Bxg2 Rxg2 22. Ra7+ Kf6 23. Rc1 $17) 21. Kb2 Rb1+ 22. Ka2 Re1 23. Ra7+ (23. Kb2 $142) 23... Kf6 {[%emt 0:00:52] ...Rc8 is the strong threat. Black is clearly winning.} 24. b6 (24. Kb3 $142) 24... Rb8 25. Ra6 Rxf1 {[%emt 0:00:39] Weighted Error Value: White=0.65/Black=0.02 (flawless)} 0-1

[Event "Czech Open-GM 2022"]
[Site "Pardubice"]
[Date "2022.07.22"]
[Round "1.43"]
[White "Swicarz, Maciej"]
[Black "Soham Datar"]
[Result "0-1"]
[ECO "A35"]
[WhiteElo "2335"]
[BlackElo "2111"]
[Annotator "TA"]
[PlyCount "82"]
[EventDate "2022.07.22"]
[EventType "swiss"]
[EventCountry "CZE"]
[SourceTitle "playchess.com"]
[Source "ChessBase"]
[SourceQuality "1"]
[TimeControl "40/5400+30:1800+30"]

1. c4 c5 2. Nf3 Nc6 3. Nc3 Nf6 4. g3 g6 5. d4 cxd4 6. Nxd4 Bg7 7. Bg2 O-O 8. O-O d6 {[%emt 0:00:43] 8...Qa5 is a critical line.} 9. Nc2 Qa5 10. a3 {[%emt 0:05:32] A38: Symmetrical English vs ...g6: 4 Bg2 Bg7 5 Nf3 Nf6.} Qh5 {[%emt 0:00:11] [#]} 11. Rb1 $146 ({Predecessor:} 11. e4 Bg4 12. f3 Be6 13. Qe2 Ne5 14. Nd5 Nxd5 15. cxd5 Bh3 16. Be3 f5 17. exf5 gxf5 {1-0 (35) Varvadoukas,T (2152)-Linnanen,L (2185) Chess.com INT 2020}) 11... Ng4 (11... Bh3 $11) 12. h3 $14 {[%emt 0:10:19] White is slightly better.} Nge5 13. g4 Bxg4 14. hxg4 Nxg4 15. Re1 (15. Bf4 $14) 15... Qh2+ $15 16. Kf1 Nce5 {[%emt 0:03:30] Against Qd3} ({Better is} 16... Qh4 $1 $15 17. Ne4 f5) 17. Qd4 $2 {[%emt 0:07:13] [#]} (17. Qd2 $14 {stays ahead.}) 17... Nf3 $1 $40 {[%emt 0:04:10][%mdl 640] Black wants a kill. Black is more active. White is on the road to losing.} 18. exf3 (18. Qxg7+ Kxg7) 18... Bxd4 {[%emt 0:00:07] Chess con chili.} 19. Nxd4 {[%emt 0:00:09] [#]} (19. fxg4 $17 {keeps fighting.} Bxf2 20. Kxf2) 19... Nxf2 $1 $19 20. Rxe7 (20. Nd5 $142 e5 21. Be3) 20... Rfe8 ({And not} 20... Qh4 21. Be3 $19) 21. Nd5 Rxe7 22. Nxe7+ Kf8 23. Nd5 Nd3 24. Be3 (24. Bg5 $142 Re8 25. f4) 24... Re8 {[%emt 0:00:57] Threatens to win with ...Qh4.} 25. Nc2 Qh4 {[%emt 0:07:02][%cal Oe8e3] ( -> ...Rxe3!)} 26. Kg1 {[%emt 0:04:18] [#]} Rxe3 $1 27. Ncxe3 Qf2+ 28. Kh1 Ne1 29. f4 h5 30. b4 b6 (30... h4 $142 31. Rxe1 Qxe1+ 32. Nf1 Qc1) 31. c5 $2 (31. Be4) 31... dxc5 32. bxc5 bxc5 33. f5 gxf5 {[%emt 0:00:30] Hoping for ...h4.} 34. Bh3 (34. Rb8+ $19 Kg7 35. Re8) 34... Qg3 (34... Nf3 $142 35. Rb8+ Kg7 36. Nxf5+ Kh7 37. Nf6+ Kg6 38. Nh4+ Qxh4 39. Rg8+ Kxf6 40. Kg2 Ne1+ 41. Kf1 Nd3 42. Kg2 Nf4+ 43. Kf3 Nxh3 44. Ke2 Qd4 45. Rg3 Qf2+ 46. Kd1 Qxg3 47. Kc2 Qxa3 48. Kd2 Qb2+ 49. Kd3 Nf4+ 50. Ke4 Kg5 51. Kf3 Qg2+ 52. Ke3 Qe2#) 35. Bg2 h4 {[%emt 0:00:59] And now ...h3 would win.} 36. Nf6 Qxe3 {[%emt 0:02:07] Black mates.} 37. Rb8+ Kg7 38. Nh5+ Kg6 39. Rh8 Nxg2 40. Kxg2 Qd2+ 41. Kh3 Qc3+ {[%emt 0:30:07] Weighted Error Value: White=0.80/Black=0.44} 0-1

[Event "Czech Open-GM 2022"]
[Site "Pardubice"]
[Date "2022.07.22"]
[Round "1.44"]
[White "Vasicek, Martin"]
[Black "Nurkiewicz, Maciej"]
[Result "0-1"]
[ECO "A46"]
[WhiteElo "2111"]
[BlackElo "2332"]
[Annotator "TA"]
[PlyCount "78"]
[EventDate "2022.07.22"]
[EventType "swiss"]
[EventCountry "CZE"]
[SourceTitle "playchess.com"]
[Source "ChessBase"]
[SourceQuality "1"]
[TimeControl "40/5400+30:1800+30"]

1. d4 Nf6 2. Nf3 e6 3. Bf4 c5 4. e3 cxd4 5. exd4 b6 6. Nbd2 {[%emt 0:05:45] A46: 1 d4 Nf6 2 Nf3 e6: Torre, London and Colle Systems.} Be7 7. h3 O-O 8. c3 {[%emt 0:01:18] White has an edge.} d6 9. Bd3 {[%emt 0:03:11] 9.a4 is more fashionable.} Ba6 10. Bxa6 Nxa6 11. O-O Qd7 12. Qe2 Nc7 13. a4 a6 {[%emt 0:02:07] [#]} 14. Rfe1 $146 ({Predecessor:} 14. Bh2 Qc6 15. Rfe1 Nfd5 16. c4 Nb4 17. d5 Qd7 18. dxe6 Nxe6 19. Ne4 Qc6 20. Nc3 {½-½ (106) Ushenina,A (2416)-Gunina,V (2431) Chess.com INT 2020}) 14... b5 15. axb5 axb5 16. Ne4 Nfd5 17. Bg5 Bxg5 18. Nexg5 h6 {[%emt 0:02:03] Hoping for ...Rxa1.} 19. Ne4 Qc6 20. Nfd2 f5 21. Ng3 $1 Nf4 $36 {[%emt 0:00:07][%csl Gf4,LRe2,LRg2][%cal Rc6g2][%mdl 2048] Black has the initiative.} 22. Qf1 Rf6 23. Nb3 (23. Rxa8+ $11 Nxa8 24. Ne2) 23... Rg6 $15 24. Rxa8+ Qxa8 25. Ra1 Qc6 {[%emt 0:02:10] aiming for ...h5.} 26. Ra7 (26. Nd2 $1 $15) 26... h5 27. h4 Rg4 {[%emt 0:04:26] ...g5 is the strong threat.} 28. Na5 $2 {[%emt 0:14:17][%mdl 8192] White does not recover from this.} (28. Nc1 $17) 28... Qb6 $19 29. Rb7 (29. Rxc7 Qxc7 30. Qxb5) 29... Qxa5 30. b4 {[%emt 0:00:03] [#]} Qa8 31. Rxc7 g5 32. d5 Qxd5 33. c4 bxc4 {[%emt 0:00:50] Active counter play!} 34. b5 {[%emt 0:08:46] Black must now prevent b6.} gxh4 35. b6 hxg3 {[%emt 0:00:27] Black mates.} 36. fxg3 {[%emt 0:00:44] [#]} Rxg3 $1 37. Kh1 (37. Rc8+ Kf7) 37... Rh3+ 38. Kg1 Qd4+ 39. Qf2 Qd1+ {[%emt 0:00:06] Weighted Error Value: White=0.53/Black=0.04 (flawless)} 0-1

[Event "Czech Open-GM 2022"]
[Site "Pardubice"]
[Date "2022.07.23"]
[Round "2.1"]
[White "Hansch, Karsten"]
[Black "Donchenko, Alexander"]
[Result "1/2-1/2"]
[ECO "B99"]
[WhiteElo "2320"]
[BlackElo "2640"]
[Annotator "TA"]
[PlyCount "41"]
[EventDate "2022.07.22"]
[EventType "swiss"]
[EventCountry "CZE"]
[SourceTitle "playchess.com"]
[Source "ChessBase"]
[SourceQuality "1"]
[TimeControl "40/5400+30:1800+30"]

1. e4 c5 2. Nf3 d6 3. d4 cxd4 4. Nxd4 Nf6 5. Nc3 a6 6. Bg5 e6 7. f4 Be7 8. Qf3 Nbd7 9. O-O-O Qc7 10. g4 b5 11. Bxf6 Nxf6 12. g5 Nd7 13. f5 Ne5 {[%emt 0:31:43] [#] 13...0-0 is setting a new trend.} 14. Qg3 $1 Bd7 {[%emt 0:08:04] B99: Sicilian Najdorf: 6 Bg5 e6 7 f4 Be7 8 Qf3 Qc7 9 0-0-0 Nbd7.} (14... Nc6 $142) 15. Bh3 $16 Qc4 16. Kb1 {[%emt 0:06:36] [#]} g6 $146 (16... O-O $16 {was worth a try.}) ({Predecessor:} 16... Rc8 17. Nce2 h6 18. fxe6 fxe6 19. Nf4 hxg5 20. Nfxe6 Bf6 21. Qa3 b4 22. Qg3 Rxh3 23. Qxh3 Bxe6 24. Qxe6+ Qxe6 25. Nxe6 {½-½ (43) Rohit,S (2189)-Cu Hor,W (2333) Budapest 2021}) 17. b3 Qc8 {[%emt 0:00:03] [#]} 18. Nce2 $1 {[%emt 0:00:23] White is more active.} exf5 (18... h6 $16 {is a better defense.}) 19. exf5 $18 {[%emt 0:00:47] Black must now prevent Nf4.} h6 (19... O-O $142 20. Nf4 Re8) 20. Bg2 {[%emt 0:05:01] And now Nf4 would win.} hxg5 21. Bxa8 {[%emt 0:01:58] Weighted Error Value: White=0.18 (very precise) /Black=0.46} 1/2-1/2

[Event "Czech Open-GM 2022"]
[Site "Pardubice"]
[Date "2022.07.23"]
[Round "2.2"]
[White "Frank, Adam"]
[Black "Plat, Vojtech"]
[Result "1/2-1/2"]
[ECO "B06"]
[WhiteElo "2313"]
[BlackElo "2554"]
[Annotator "TA"]
[PlyCount "52"]
[EventDate "2022.07.22"]
[EventType "swiss"]
[EventCountry "CZE"]
[SourceTitle "playchess.com"]
[Source "ChessBase"]
[SourceQuality "1"]
[TimeControl "40/5400+30:1800+30"]

1. e4 g6 2. d4 Bg7 3. Nc3 e6 4. Nf3 Ne7 5. Bf4 d5 6. Bd3 {[%emt 0:00:06] B06: Modern Defence.} dxe4 7. Nxe4 {[#]} O-O $146 ({Predecessor:} 7... Nbc6 8. c3 Nd5 9. Bg5 f6 10. Bd2 O-O 11. O-O b6 12. Qb3 Bb7 13. Rfe1 Qd7 {1-0 (43) Thoma,O (2273)-Koci,V (2270) ICCF email 2004}) 8. O-O {[%emt 0:06:08] White is slightly better.} b6 9. Qe2 Bb7 10. c3 Nd7 11. Rad1 Nf5 12. Rfe1 a5 13. Ne5 Bd5 14. Bb5 Nb8 (14... Nf6 $142 15. Nxf6+ Bxf6) 15. c4 $16 Bb7 16. d5 exd5 17. cxd5 {[%emt 0:00:04][%cal Od5d6] Black must now prevent d6!} Ba6 18. Bxa6 Nxa6 19. Nc6 {[%emt 0:00:03] Prevents Qe7.} Qd7 20. Be5 Nc5 21. Bxg7 {[%emt 0:05:56] 0x0.001449b0eff2dp-1022s more active pieces.} Kxg7 22. Nxc5 bxc5 23. Qe5+ Kg8 24. Qc3 Qd6 25. Nxa5 ({White should play} 25. g3 $16) 25... Nd4 {[%emt 0:00:03] [#]} 26. Nb3 (26. Nc6 $1 $16 ) 26... Nxb3 {[%emt 0:02:00] Weighted Error Value: White=0.14 (very precise) /Black=0.08 (flawless)} 1/2-1/2

[Event "Czech Open-GM 2022"]
[Site "Pardubice"]
[Date "2022.07.23"]
[Round "2.3"]
[White "Sorm, Daniel"]
[Black "Harsha Bharathakoti"]
[Result "0-1"]
[ECO "E48"]
[WhiteElo "2308"]
[BlackElo "2547"]
[Annotator "TA"]
[PlyCount "74"]
[EventDate "2022.07.22"]
[EventType "swiss"]
[EventCountry "CZE"]
[SourceTitle "playchess.com"]
[Source "ChessBase"]
[SourceQuality "1"]
[TimeControl "40/5400+30:1800+30"]

1. d4 Nf6 2. c4 e6 3. Nc3 Bb4 4. e3 O-O 5. Bd3 d5 6. cxd5 exd5 7. Nge2 Re8 8. O-O Bd6 9. a3 {[%emt 0:00:41] E48: Nimzo-Indian: Rubinstein: 5 Bd3 d5 including 6 Ne2, but excluding 6 a3.} b6 10. b4 a6 11. Rb1 {[%emt 0:12:22] The position is equal.} Nbd7 12. f3 c5 {[%emt 0:04:25] [#]} 13. Qe1 $146 ({Predecessor:} 13. bxc5 bxc5 14. Nf4 cxd4 15. exd4 Nb6 16. Re1 Bd7 17. Rxe8+ Bxe8 18. Nce2 Qc7 19. Qb3 Rb8 20. Qc3 Qa7 21. g4 h6 22. h4 Na4 23. Qd2 Rxb1 24. Bxb1 Nb6 {½-½ (24) Andersen,M (2542)-Grandelius,N (2642) Denmark 2017}) 13... Nf8 14. Qf2 Qc7 15. g4 Bb7 (15... h6 $11) 16. g5 $14 Nh5 17. f4 g6 18. Bd2 (18. f5 {seems wilder.} cxd4 19. exd4 Ng7 20. f6) 18... Ne6 19. Ng3 (19. bxc5 $14 bxc5 20. f5) 19... Nxg3 $11 (19... cxd4 $2 20. Nxh5 gxh5 21. exd4 $16) 20. hxg3 Bf8 21. Ne2 Rac8 (21... Qd7 $15) 22. Kg2 Bg7 23. Rh1 Qe7 (23... Bc6 $1 $15) 24. Rh4 (24. bxc5 $2 Nxc5 $1 25. Bc2 (25. dxc5 $2 d4+ 26. Kh2 dxe3 $19) 25... Ne4 26. Bxe4 Qxe4+ 27. Qf3 Qd3 $19) ({White should play} 24. g4 $11) 24... cxd4 (24... Bc6 $15 25. Qf3 (25. Bxa6 $2 Nxd4 26. Kg1 Qe4 $19) 25... cxd4 26. exd4 Nxd4 27. Nxd4 Bxd4) 25. exd4 (25. Nxd4 $11 {keeps the balance.} f5 26. g4 fxg4 27. Rbh1) 25... Rc4 ({Better is} 25... Bc6 $1 $17 {Strongly threatening ...Bb5.} 26. Re1 (26. Bxa6 Nxd4 27. Nxd4 Qe4+ 28. Nf3 Qxb1 $19) (26. Rbh1 Bb5 $17) 26... Bb5) 26. Bxc4 (26. Re1 $1 $11) 26... dxc4+ $17 27. Kg1 {[%emt 0:01:17][%cal Od4d5] [#]} Nxd4 $1 {[%emt 0:01:39][%mdl 576] Decoy. Black is more active.} 28. Nxd4 {[%emt 0:00:12] Hoping for Re1.} Qe4 29. Re1 Bxd4 {[%emt 0:00:05][%csl Gb7][%cal Re4g2] The board is on fire. This bishop pair is nice.} 30. Rxe4 Bxf2+ 31. Kxf2 Bxe4 {[%emt 0:00:02][%mdl 4096] Endgame KRB-KRB} ({Inferior is} 31... Rxe4 32. Bc3 $17) 32. f5 Bxf5 (32... gxf5 $19 {And now ...Rd8 would win.} 33. Rh6 Rd8) 33. Rxc4 $2 {[%emt 0:05:38][%mdl 8192] This costs White the game.} (33. Bc3 $17) 33... Bd3 $19 {[%emt 0:00:12] Black is clearly winning.} 34. Rd4 Re2+ 35. Kf3 Rxd2 36. Ke3 {[%emt 0:00:05] [#]} Rg2 37. Kf3 {[%emt 0:00:12] [#]} (37. Kxd3 Rxg3+) 37... Bf1 $1 {[%emt 0:00:03] Weighted Error Value: White=0.53/Black=0.23 (precise)} 0-1

[Event "Czech Open-GM 2022"]
[Site "Pardubice"]
[Date "2022.07.23"]
[Round "2.4"]
[White "Noe, Christopher"]
[Black "Kistrup, Nicolai"]
[Result "1/2-1/2"]
[ECO "D38"]
[WhiteElo "2505"]
[BlackElo "2310"]
[Annotator "TA"]
[PlyCount "104"]
[EventDate "2022.07.22"]
[EventType "swiss"]
[EventCountry "CZE"]
[SourceTitle "playchess.com"]
[Source "ChessBase"]
[SourceQuality "1"]
[TimeControl "40/5400+30:1800+30"]

1. d4 Nf6 2. c4 e6 3. Nf3 d5 4. Nc3 Bb4 5. cxd5 exd5 6. Bf4 {[%emt 0:02:25] D38: Queen's Gambit Declined: Ragozin Defence (4 Nf3 Bb4).} c5 {[%emt 0:07:39] 6...Ne4 is setting a new trend.} 7. e3 c4 (7... Ne4 {is interesting.} 8. Rc1 c4 9. Nd2 Nxd2 10. Qxd2 Bf5) 8. Nd2 {[%emt 0:21:19] The position is equal.} O-O 9. Be2 Nc6 10. O-O h6 {[%emt 0:03:24] [#]} 11. Qc2 $146 ({Predecessor:} 11. a3 Bxc3 12. bxc3 Bf5 13. h4 Ne4 14. Nxe4 Bxe4 15. h5 b5 16. f3 Bh7 17. Rf2 {½-½ (69) Travadon,L (2415)-Dardha,D (2503) Paris 2021}) 11... Ne7 12. b3 Bf5 13. Qb2 Qa5 14. Ndb1 Rac8 $132 {[%emt 0:03:49][%mdl 2048] Black is fighting back} 15. bxc4 dxc4 16. Bf3 Bxb1 17. Nxb1 {[%emt 0:00:20] aiming for a3.} c3 18. Qc2 Nfd5 19. Bg3 f5 20. Be5 (20. a3 $5 Rc6 21. Rc1 $11) 20... Qb5 21. Be2 {[%emt 0:01:51] This bishop pair is nice.} (21. Rc1 $14) 21... Qb6 22. Rc1 Rc6 23. Qb3 Rfc8 24. Rc2 (24. Bf3 $11 {keeps the balance.} Qa5 25. Qc2) 24... Bd6 (24... Qa5 $17 {White must now prevent ...Rb6.} 25. a4 Rb6) 25. Bb5 Bxe5 (25... R6c7 $1 $15 26. Bxd6 Qxd6) 26. dxe5 (26. Bxc6 $11 Qxb3 27. axb3 Nxc6 28. dxe5) 26... Rc5 $1 $17 27. Na3 a6 28. Bd7 (28. Bc4 $17 Kh7 29. Rd1) 28... R8c7 29. Qxb6 Nxb6 30. Be6+ Kf8 (30... Kh7 $142 31. Rb1 R7c6) 31. Rd1 Ke8 {[%emt 0:00:17] Against Rd8+} ({Black should play} 31... Ned5 $17 32. Bxf5 Nb4) 32. f4 ({White should try} 32. Rd6 $15 R7c6 33. Rxc6 Nxc6 34. Bxf5) 32... Nbd5 33. Nc4 Rxc4 $19 34. Bxd5 Nxd5 35. Rxd5 Rd7 $2 (35... Rb4 $1 $19 {[%cal Rb4b1] has better winning chances.} 36. Rd1 Rb2) 36. Rxd7 $17 Kxd7 {[%emt 0:00:04][%mdl 4096] Endgame KR-KR} 37. Kf2 b5 {[%emt 0:00:57][%cal Bb7b5,Bb5b4][%mdl 32] And now ...b4 would win.} 38. Ke2 b4 {[%emt 0:00:18] Hoping for ...Rc5.} 39. Kd3 Rc7 40. e4 $2 (40. Rc1 $17 {was worth a try.}) 40... Ke6 (40... fxe4+ $142 41. Kxe4 Rc4+ 42. Ke3 Ke6) 41. exf5+ $19 Kxf5 42. Re2 a5 $1 ({Worse is} 42... Kxf4 43. e6 Re7 44. Re4+ Kg5 45. Rxb4 $11) 43. g3 Rc6 44. Kc2 a4 $1 45. Re1 g5 (45... Ke6 $17) 46. e6 (46. g4+ $11 Kxg4 47. e6) 46... Rxe6 $17 {[%emt 0:00:47] Black is better.} 47. g4+ Kf6 48. Rxe6+ Kxe6 49. f5+ {[%emt 0:00:12] [#]} Kd5 $1 50. Kd3 {[%emt 0:01:58][%cal Oa2a3] [#]} a3 $1 {[%emt 0:03:08][%cal Ob4b3] ( -> ...b3!)} 51. Kc2 Ke5 52. Kb3 Kd5 {[%emt 0:00:52] And White is the lucky defender.  Weighted Error Value: White=0.32/Black=0.23 (precise)} (52... Kf6 $17) 1/2-1/2